 Dungeon Crawl Stone Soup version 0.28.0-1-gb440e238dd (webtiles) character file.

Game seed: 11403770636967494499

1670 Zeldest the Caller (level 9, -2/47 HPs)
             Began as a Vine Stalker Summoner on Feb 21, 2022.
             Was a Follower of Cheibriados.
             Killed from afar by an acid dragon (29 damage)
             ... with a splash of acid
             ... on level 7 of the Dungeon.
             The game lasted 00:19:03 (2459 turns).

Zeldest the Caller (Vine Stalker Summoner)          Turns: 2459, Time: 00:19:11

Health: -2/47      AC:  7    Str: 14    XL:     9   Next: 1%
Magic:  0/13       EV: 11    Int: 21    God:    Cheibriados [*.....]
Gold:   206        SH:  0    Dex: 22    Spells: 2/12 levels left

rFire   + . .      SeeInvis .     - Unarmed
rCold   . . .      Faith    .   (no shield)
rNeg    . . .      Spirit   +   t - +0 ring mail
rPois   .          Reflect  .   (no helmet)
rElec   .          Harm     .   v - +0 cloak
rCorr   .          Rampage  .   q - +0 pair of gloves
Will    +....                   (no boots)
Stlth   ++........              (no amulet)
HPRegen 0.95/turn               p - +6 ring of dexterity
MPRegen 0.13/turn               (no ring)

@: very slow
A: fangs 3, regeneration 1, magic shield, antimagic bite, no potion heal 2, fire
resistance 1
a: Renounce Religion, Bend Time


You were on level 7 of the Dungeon.
You worshipped Cheibriados.
Cheibriados was aware of your devotion.
You visited 2 branches of the dungeon, and saw 8 of its levels.
You also visited: Sewer.

You collected 206 gold pieces.

Inventory:

Missiles
 r - 2 throwing nets
Armour
 a - a +0 robe
 q - a +0 pair of gloves (worn)
 t - a +0 ring mail (worn)
 v - a +0 cloak (worn)
Magical Staves
 c - a staff of cold
Jewellery
 g - a ring of flight
 p - a +6 ring of dexterity (left hand)
Wands
 m - a wand of acid (1)
 o - a wand of flame (22)
Scrolls
 d - 2 scrolls of noise {unknown}
 e - a scroll of blinking {unknown}
 f - a scroll of torment {unknown}
 h - 2 scrolls of magic mapping {unknown}
 j - a scroll of amnesia {unknown}
 s - a scroll of enchant armour {unknown}
 u - a scroll of immolation {unknown}
 w - a scroll of summoning {unknown}
 x - a scroll of enchant weapon {unknown}
Potions
 b - a potion of brilliance {unknown}
 i - a potion of berserk rage
 k - 2 potions of mutation
 l - 2 potions of magic
 n - a potion of curing


   Skills:
 + Level 5.0 Fighting
 - Level 1.5 Dodging
 - Level 2.4 Stealth
 + Level 5.4 Unarmed Combat
 - Level 2.1 Spellcasting
 + Level 6.9 Summonings
 + Level 3.1 Air Magic
 + Level 1.4 Invocations
 - Level 2.8 Evocations


You had 2 spell levels left.
You knew the following spells:

 Your Spells              Type           Power      Damage    Failure   Level
a - Call Imp              Summ           31%        N/A       2%          2
b - Call Canine Familiar  Summ           31%        N/A       4%          3
c - Summon Small Mammal   Summ           100%       N/A       1%          1
d - Summon Lightning Spi  Summ/Air       23%        N/A       36%         4

Your spell library contained the following spells:

 Spells                   Type           Power      Damage    Failure   Level
 Shock                    Conj/Air       32%        1d5       16%         1
 Corpse Rot               Necr/Air       16%        N/A       24%         2
 Summon Guardian Golem    Hex/Summ       16%        N/A       22%         3
 Swiftness                Air            15%        N/A       26%         3
 Airstrike                Air            7%         N/A       63%         4
 Dispel Undead            Necr           2%         3d7       96%         4
 Death Channel            Necr           1%         N/A       100%        6


Dungeon Overview and Level Annotations

Branches:
Dungeon (7/15)             Temple (1/1) D:5           Sewer (visited)

Altars:
Ashenzari
Cheibriados
Dithmenos
Elyvilon
Fedhas
Hepliaklqana
Kikubaaqudgha
Makhleb
Nemelex Xobeh
Okawaru
Qazlal
Ru
Trog
Vehumet
Xom
Yredelemnul
Zin
The Shining One

Annotations:
D:7 2 runed translucent doors


Innate Abilities, Weirdness & Mutations

You have razor-sharp teeth.
Your natural rate of healing is unusually fast.
When hurt, damage is shared between your health and your magic reserves.
Your bite disrupts and absorbs the magic of your enemies.
Potions cannot restore your health.
Your flesh is heat resistant. (rF+)


Message History

The puff of flame hits the ice beast but does no damage.
The ice beast is heavily wounded.
The ice beast barely misses you.
Aiming: Throw Flame
Press: ? - help, Shift-Dir - straight line, f/p - ice beast
Aim: an ice beast (heavily wounded, 71% to hit)
The puff of flame hits the ice beast!
The ice beast melts!
The ice beast is almost dead.
The ice beast closely misses you.
Aiming: Throw Flame
Press: ? - help, Shift-Dir - straight line, f/p - ice beast
Aim: an ice beast (almost dead, 71% to hit)
The puff of flame hits the ice beast!
The ice beast melts!
You kill the ice beast!
Cheibriados appreciates the change of pace.
Your Fighting skill increases to level 5!
Your Air Magic skill increases to level 3!
You have reached level 9!
Your experience leads to an increase in your attributes!
Your base attributes are Str 12, Int 17, Dex 14.
Increase (S)trength, (I)ntelligence, or (D)exterity?
You feel clever. x2
An acid dragon and 3 gnolls come into view.
A gnoll is wielding a +2 vampiric halberd.
Found a scroll labelled ETSARIJO RUHU and a club.
The gnoll shouts!
The acid dragon misses you.
The acid dragon claws you but does no damage.
Okay, then.
The acid dragon bites you!
The acid dragon claws you but does no damage.
Okay, then.
Okay, then.
Casting: Call Imp (safe; 2% risk of failure)
Confirm with . or Enter, or press ? or * to list all spells.
A beastly little devil appears in a puff of flame.
The acid dragon spits acid at you. The splash of acid hits you!!!
Ouch! That really hurt!
You die...

......#.#########..#8....8
#.....#># ##...##8[)8#
#####.#.# ###.....# ####
.#.# #...###'#
#.#######..##.#.###
#..........#†#.##)#
........##.#.###gZ
#########.#..#5#gg#
#............#@#.##?#
#.########.#.##Dg..#
#.#......#.#..######
#.#.####.#...[.. #.#<#
##.#.#. .. #.#.# #..#.## #
#.#.# #.##.# #.#.# #.#
#.#####.##


You could see an acid dragon (catching breath, ally target), a gnoll and a
friendly crimson imp (summoned).

Vanquished Creatures
  A steam dragon (D:5)
  A water moccasin (D:7)
  An ice beast (D:7)
  2 sky beasts (D:7)
  A centaur (D:5)
  A phantom (D:6)
  A bullfrog (D:6)
  2 wights
  A bullfrog zombie (D:5)
  Crazy Yiuf (D:6)
  A centaur skeleton (D:6)
  An orc wizard (D:4)
  A gnoll (D:7)
  An adder (D:3)
  A river rat (D:3)
  4 orcs
  3 ball pythons
  3 giant cockroaches
  2 hobgoblins
  3 kobolds
  A quokka (D:1)
  A frilled lizard (D:1)
  A goblin (D:1)
  A rat (D:1)
36 creatures vanquished.

Vanquished Creatures (collateral kills)
  Sigmund (D:4)
  An ice beast (D:6)
  Pargi (Sewer)
  An ogre (D:5)
  A scorpion (D:6)
  A jelly (D:4)
  A wight (D:6)
  An iguana (D:6)
  A hound skeleton (D:4)
  2 gnolls (D:7)
  4 adders
  A white imp (D:6)
  2 orcs (D:4)
  2 ball pythons
  A bat (D:3)
  3 endoplasms
  A giant cockroach (D:1)
  4 goblins
  3 hobgoblins
  3 kobolds
  A quokka (D:3)
  2 frilled lizards
  A quokka skeleton (D:4)
39 creatures vanquished.

Vanquished Creatures (others)
  A fungus (D:6)
1 creature vanquished.

Grand Total: 76 creatures vanquished

Notes
Turn   | Place    | Note
-------+----------+-------------------------------------------
     0 | D:1      | Zeldest the Vine Stalker Summoner began the quest for the
                  | Orb.
     0 | D:1      | Reached XP level 1. HP: 9/9 MP: 4/4
   124 | D:1      | Reached XP level 2. HP: 13/14 MP: 3/6
   132 | D:1      | Learned a level 2 spell: Call Imp
   208 | D:1      | Reached skill level 1 in Unarmed Combat
   308 | D:2      | You fall into a shaft and drop 1 floor!
   369 | D:3      | Reached skill level 1 in Fighting
   575 | D:3      | Found a shimmering altar of Xom.
   630 | D:3      | Reached XP level 3. HP: 10/18 MP: 4/7
   634 | D:3      | Learned a level 3 spell: Call Canine Familiar
   702 | D:3      | Found a glowing drain.
   735 | Sewer    | Entered a sewer
   776 | Sewer    | Noticed Pargi
   783 | Sewer    | Killed Pargi
   784 | Sewer    | Gained mutation: Your natural rate of healing is unusually
                  | fast. [Vine Stalker growth]
   784 | Sewer    | Reached XP level 4. HP: 20/23 MP: 1/8
   784 | Sewer    | Reached XP level 5. HP: 22/26 MP: 1/9
  1040 | D:4      | Reached skill level 5 in Summonings
  1131 | D:4      | Reached skill level 1 in Evocations
  1131 | D:4      | Reached XP level 6. HP: 32/32 MP: 10/10
  1166 | D:4      | Noticed Sigmund
  1177 | D:4      | Killed Sigmund
  1371 | D:5      | Entered Level 5 of the Dungeon
  1537 | D:5      | Found a white marble altar of Elyvilon.
  1609 | D:5      | Reached XP level 7. HP: 20/36 MP: 1/11
  1667 | D:5      | Found a staircase to the Ecumenical Temple.
  1701 | Temple   | Entered the Ecumenical Temple
  1709 | Temple   | Became a worshipper of Cheibriados the Contemplative
  1856 | D:6      | Found a runed translucent door.
  1857 | D:6      | Noticed Crazy Yiuf
  1865 | D:6      | Killed Crazy Yiuf
  1922 | D:6      | Reached skill level 6 in Summonings
  1963 | D:6      | Learned a level 4 spell: Summon Lightning Spire
  1968 | D:6      | Gained mutation: Your flesh is heat resistant. (rF+)
                  | [potion of mutation]
  2036 | D:5      | Gained mutation: You have razor-sharp teeth. [Vine Stalker
                  | growth]
  2036 | D:5      | Reached XP level 8. HP: 42/42 MP: 6/12
  2072 | D:5      | Reached skill level 1 in Air Magic
  2238 | D:6      | Found a hazy altar of Hepliaklqana.
  2268 | D:6      | Reached skill level 5 in Unarmed Combat
  2310 | D:7      | Found a large runed translucent door.
  2310 | D:7      | Found a large runed translucent door.
  2314 | D:7      | Noticed a kobold demonologist
  2381 | D:7      | Reached * piety under Cheibriados
  2450 | D:7      | Reached skill level 1 in Invocations
  2455 | D:7      | Reached skill level 5 in Fighting
  2455 | D:7      | Reached XP level 9. HP: 28/47 MP: 10/13
  2459 | D:7      | Killed from afar by an acid dragon

Illustrated notes

Levels and vault maps discovered:
D:1:      saegor_arrival_simple_d, layout_rooms, chequers_serial_rivers_marsh
D:2:      layout_loops_cross, hellmonk_ecumenical_altar_heavens_door,
          serial_glass, glass_columns_a, glass_columns_a, glass_columns_b,
          glass_columns_b, glass_columns_a, glass_columns_a, glass_columns_b,
          glass_columns_a, kennysheep_boxes
D:3:      layout_basic, overflow_temple_1_default, portal_sewer_entry_a,
          chequers_serial_rivers_small_b
D:4:      layout_gridville, uniq_pargi, uniq_natasha, uniq_sigmund, uniq_robin
D:5:      layout_loops_corners, nicolae_elyvilon_temple_path,
          minmay_temple_entry_offerings
D:6:      layout_cave_pools, kennysheep_mini, uniq_crazy_yiuf_cottage
D:7:      layout_basic, hex_intersection, minmay_shop_mayhem, minivault_1,
          hangedman_abyss_or_decor_jellyfish_corner,
          minmay_hollow_rounded_squares, uniq_joseph
Temple:   nicolae_temple_no_exploring_needed

Skill      XL: |  1  2  3  4  5  6  7  8 |
---------------+-------------------------+-----
Unarmed Combat | 1 2 3 4 5 |  5.4
Fighting       | 1 2 3 4 5 |  5.0
Summonings     | 5 6 |  6.9
Evocations     | 1 2 |  2.8
Air Magic      | 3 |  3.1
Invocations    | 1 |  1.4
Dodging        | |  1.5
Stealth        | |  2.4
Spellcasting   | |  2.1

Action                   |  1- 3 |  4- 6 |  7- 9 || total
-------------------------+-------+-------+-------++-------
Melee: Unarmed           |    49 |    33 |    96 ||   178
       Bite              |    12 |    11 |    39 ||    62
       Punch             |     1 |       |     5 ||     6
 Cast: Summon Small Mamm |     7 |     1 |     4 ||    12
       Call Imp          |    14 |    10 |    14 ||    38
       Call Canine Famil |     2 |     7 |     8 ||    17
Evoke: Wand              |       |       |     7 ||     7
  Use: Scroll            |       |       |     6 ||     6
       Potion            |       |       |     2 ||     2
 Stab: Distracted        |     1 |       |     1 ||     2
       Sleeping          |       |     3 |       ||     3
Armor: Robe              |     9 |     2 |     1 ||    12
       Ring mail         |       |       |    41 ||    41
Dodge: Dodged            |    29 |    25 |    48 ||   102
